 Dungeon Crawl Stone Soup version 0.19.0-19-g8c6edcc (webtiles) character file.

8589 lorenzova the Fighter (level 11, -2/90 HPs)
             Began as a Merfolk Gladiator on Nov 15, 2016.
             Was a Priest of Yredelemnul.
             Slain by a black mamba (11 damage)
             ... on level 2 of the Lair of Beasts.
             The game lasted 00:37:31 (13162 turns).

lorenzova the Fighter (Merfolk Gladiator)          Turns: 13162, Time: 00:37:33

Health: -2/90      AC:  8    Str: 18    XL:     11   Next: 33%
Magic:  0/33       EV: 18    Int:  9    God:    Yredelemnul [***...]
Gold:   814        SH:  0    Dex: 14    Spells: 5 memorised, 18 levels left

rFire  + . .     SeeInvis +     s - +1 halberd (venom)
rCold  + + .     Gourm    .     E - +1 robe "Biona" {rC+++ MR- Regen+ SInv}
rNeg   . . .     Faith    .     (shield currently unavailable)
rPois  .         Spirit   +     c - +1 helmet
rElec  .         Reflect  .     (no cloak)
rCorr  .         Harm     .     I - +2 pair of gloves
MR     .....                    (no boots)
Stlth  +.........               k - amulet of guardian spirit
                                n - ring of magical power
                                j - ring of fire

@: lethally poisoned (-2 -> -31), repel missiles
A: change form in water, swift swim, stealthy swim
a: Recall Undead Slaves, Injury Mirror, Animate Dead, Renounce Religion


You were on level 2 of the Lair of Beasts.
You worshipped Yredelemnul.
Yredelemnul was most pleased with you.
You were not hungry.

You visited 2 branches of the dungeon, and saw 12 of its levels.
You also visited: Sewer.

You collected 814 gold pieces.

Inventory:

Hand Weapons
 s - a +1 halberd of venom (weapon)
Missiles
 d - 6 throwing nets (quivered)
Armour
 c - a +1 helmet (worn)
 E - the +1 robe "Biona" (worn) {rC+++ MR- Regen+ SInv}
   (You found it on level 8 of the Dungeon)

   It renders you almost immune to cold.
   It affects your resistance to hostile enchantments.
   It lets you see invisible.
   It increases your rate of regeneration.
 I - a +2 pair of gloves (worn)
Jewellery
 j - a ring of fire (left hand)
 k - an amulet of guardian spirit (around neck)
 n - a ring of magical power (right hand)
Wands
 e - a wand of disintegration (8/24)
 q - a wand of iceblast (15/15)
 t - a wand of lightning (4/15)
 H - a wand of flame (31/48)
Scrolls
 b - 4 scrolls of amnesia
 h - 2 scrolls of fog
 i - 3 scrolls of enchant armour
 l - 3 scrolls of remove curse
 o - 4 scrolls of magic mapping
 r - a scroll of acquirement {unknown}
 A - a scroll of brand weapon {unknown}
 B - 2 scrolls of random uselessness {unknown}
 C - a scroll of holy word {unknown}
Potions
 g - a potion of cure mutation
 m - 2 potions of curing
 u - a potion of agility
 K - a potion of magic
 L - a potion of flight
Comestibles
 f - 4 bread rations
 p - 2 meat rations


   Skills:
 - Level 10.0 Fighting
 - Level 4.4 Polearms
 - Level 2.0 Throwing
 - Level 4.5 Armour
 - Level 9.2 Dodging
   Level 2.0 Shields
 * Level 9.4 Spellcasting
 * Level 4.3 Charms
 * Level 3.0 Air Magic


You had 18 spell levels left.
You knew the following spells:

 Your Spells              Type           Power        Failure   Level  Hunger
a - Repel Missiles        Chrm/Air       ##....       6%          2    #......
b - Swiftness             Chrm/Air       ##......     6%          2    #......
c - Blink                 Tloc           N/A          28%         2    #......
d - Call Imp              Summ           #.......     28%         2    #......
e - Slow                  Hex            #.......     28%         2    #......


Dungeon Overview and Level Annotations

Branches:
Dungeon (10/15)            Temple (0/1) D:6            Lair (2/6) D:10
  Swamp (0/4) Lair:2          Orc (0/2) D:9
  Snake: Lair:2-4    Spider: Lair:2-4

Altars:
Cheibriados
Dithmenos
Trog
Uskayaw
Xom
Yredelemnul
Zin
The Shining One
Beogh

Annotations:
D:10 1 runed door, Erica
Lair:1 exclusion: 3 oklob plants


Message History

The black mamba poisons you!
Your wolf zombie completely misses the black mamba.
The black mamba completely misses you.
Your wolf zombie bites the black mamba but does no damage.
You puncture the black mamba!
The black mamba is heavily wounded.
* * * LOW HITPOINT WARNING * * *
You feel very sick. The black mamba misses you.
Your wolf zombie bites the black mamba.
The black mamba bites you but does no damage.
Your wolf zombie closely misses the black mamba.
You miss the black mamba.
The black mamba is heavily wounded.
* * * LOW HITPOINT WARNING * * *
You feel very sick. The black mamba bites you!
* * * LOW HITPOINT WARNING * * *
The black mamba bites you!
You die...
Your body rises from the dead as a mindless zombie.

# ## ########## ###
####.#####P##.P.#.####..
...$....................
.......Z..............#.
......S@(.............##
......................##
......................P#
#########...............
#...............
##.....P#..###..
#.....##### .. #.....#
#. #......# .


You could see a black mamba and a friendly wolf zombie.

Vanquished Creatures
  An unseen horror (D:10)
  Pikel (D:8)
  A komodo dragon (Lair:1)
  A two-headed ogre (D:10)
  Prince Ribbit (D:7)
  A wyvern (D:10)
  9 yaks
  2 porcupines
  2 orc warriors (D:9)
  A black bear (D:9)
  2 necrophages (D:10)
  2 phantoms
  2 centaurs
  2 wolves (Lair:2)
  3 ogres (D:7)
  A crocodile (Sewer)
  4 bullfrogs
  2 scorpions
  5 killer bees
  A howler monkey (D:6)
  4 wights
  8 crimson imps
  A bullfrog zombie (D:8)
  A bullfrog skeleton (D:6)
  A hound (D:9)
  An orc wizard (D:3)
  2 orc priests
  6 worker ants
  4 iguanas
  A hound zombie (D:5)
  A hound skeleton (D:10)
  A mummy (D:7)
  8 gnolls
  16 adders
  2 shadow imps
  3 worms (D:2)
  4 dart slugs
  10 leopard geckos
  34 orcs
  3 giant cockroaches
  5 goblins
  4 hobgoblins
  10 jackals
  5 quokkas
  4 ball pythons
  10 bats
  4 frilled lizards
  11 kobolds
  6 rats
214 creatures vanquished.

Vanquished Creatures (collateral kills)
  A centaur zombie (D:10)
  A spiny frog (Lair:1)
  A komodo dragon (Lair:1)
  A troll (D:7)
  A wyvern (D:10)
  8 yaks
  A water moccasin (D:9)
  A porcupine (Lair:2)
  2 orc warriors (D:7)
  An ice beast (D:7)
  A phantom (D:9)
  A black bear (D:10)
  An ogre (D:7)
  A crocodile (Lair:1)
  A big kobold (D:8)
  A killer bee (D:9)
  A howler monkey (D:8)
  A bullfrog zombie (D:9)
  An orc priest (D:9)
  An orc wizard (D:7)
  A howler monkey skeleton (D:10)
  11 orcs
  A kobold (D:8)
  A plant (Lair:1)
42 creatures vanquished.

Vanquished Creatures (others)
  A wight (D:10)
  A bullfrog zombie (Lair:2)
  A big kobold zombie (D:8)
  A black bear zombie (D:9)
  A bullfrog skeleton (D:8)
  An orc wizard (D:8)
  A necrophage skeleton (D:10)
  A hound zombie (D:9)
  A mummy (D:10)
  A howler monkey zombie (D:8)
  An adder (D:8)
  A scorpion zombie (D:7)
  A shadow imp (D:8)
  2 quokkas (D:8)
  3 orc skeletons (D:9)
  6 orc zombies
24 creatures vanquished.

Grand Total: 280 creatures vanquished

Notes
Turn   | Place    | Note
-------+----------+-------------------------------------------
     0 | D:1      | lorenzova the Merfolk Gladiator began the quest for the Orb.
     0 | D:1      | Reached XP level 1. HP: 16/16 MP: 1/1
   220 | D:1      | Reached XP level 2. HP: 23/23 MP: 0/2
   760 | D:2      | Reached skill level 1 in Armour
   802 | D:2      | Reached XP level 3. HP: 28/28 MP: 3/3
   821 | D:2      | Reached skill level 3 in Fighting
  1210 | D:2      | Reached XP level 4. HP: 28/35 MP: 4/4
  1312 | D:2      | HP: 1/35 [poisoned by an adder]
  1741 | D:3      | Found a glowing drain.
  1748 | D:3      | Reached skill level 4 in Fighting
  1748 | D:3      | Reached XP level 5. HP: 38/42 MP: 5/5
  1764 | Sewer    | Entered a sewer
  1803 | Sewer    | Noticed a crocodile
  1885 | Sewer    | Killed a crocodile
  1885 | Sewer    | Reached skill level 5 in Dodging
  2115 | D:3      | Reached XP level 6. HP: 13/50 MP: 4/6
  2126 | D:3      | Reached skill level 5 in Fighting
  2357 | D:3      | Found a basalt altar of Yredelemnul.
  2378 | D:3      | Became a worshipper of Yredelemnul the Dark
  2628 | D:3      | Found a bloodstained altar of Trog.
  2872 | D:4      | Found a shadowy altar of Dithmenos.
  3323 | D:4      | Reached XP level 7. HP: 57/57 MP: 7/7
  3581 | D:4      | Reached * piety under Yredelemnul
  3787 | D:5      | Entered Level 5 of the Dungeon
  4478 | D:5      | Found a glowing silver altar of Zin.
  4645 | D:5      | Reached skill level 6 in Fighting
  4846 | D:6      | Found a staircase to the Ecumenical Temple.
  5068 | D:6      | Reached skill level 7 in Fighting
  5068 | D:6      | Reached XP level 8. HP: 61/67 MP: 8/8
  5617 | D:7      | Noticed Prince Ribbit
  6069 | D:7      | Found a snail-covered altar of Cheibriados.
  6133 | D:7      | Reached skill level 8 in Fighting
  6368 | D:7      | Killed Prince Ribbit
  6534 | D:7      | Found a glowing golden altar of the Shining One.
  6643 | D:7      | Reached XP level 9. HP: 75/75 MP: 9/9
  7141 | D:8      | Reached ** piety under Yredelemnul
  7141 | D:8      | Reached skill level 9 in Fighting
  7174 | D:8      | Noticed Pikel
  7221 | D:8      | Killed Pikel
  7268 | D:8      | Got a heavy robe
  7279 | D:8      | Identified the +1 robe "Biona" {rC+++ MR- Regen+ SInv} (You found it on level 8 of the Dungeon)
  7369 | D:8      | Found a shimmering altar of Xom.
  7613 | D:8      | Your ally Pikel died
  7700 | D:7      | Reached skill level 1 in Shields
  8316 | D:9      | Noticed a troll
  8395 | D:9      | Reached skill level 1 in Spellcasting
  8591 | D:7      | Killed a troll
  8804 | D:7      | Reached skill level 10 in Fighting
  9122 | D:9      | Found a roughly hewn altar of Beogh.
  9159 | D:9      | Reached XP level 10. HP: 19/85 MP: 4/16
  9489 | D:9      | Reached skill level 5 in Spellcasting
  9544 | D:9      | Reached *** piety under Yredelemnul
  9588 | D:9      | Found a staircase to the Orcish Mines.
  9692 | D:9      | Found a hide-covered altar of Uskayaw.
 10005 | D:10     | Entered Level 10 of the Dungeon
 10513 | D:9      | Received a gift from Yredelemnul (a mummy)
 10655 | D:10     | Found a runed door.
 10925 | D:10     | Found a runed door.
 11215 | D:9      | Learned a level 2 spell: Repel Missiles
 11218 | D:9      | Learned a level 2 spell: Swiftness
 11308 | D:10     | Found a staircase to the Lair.
 11352 | D:10     | Noticed a death knight
 11850 | D:10     | Received a gift from Yredelemnul (a wight)
 11853 | D:10     | Reached skill level 1 in Charms
 11863 | D:10     | Noticed an unseen horror
 11877 | D:10     | Reached skill level 1 in Air Magic
 11906 | D:10     | Killed an unseen horror
 11906 | D:10     | Reached XP level 11. HP: 74/89 MP: 24/24
 11913 | D:10     | Noticed a hill giant
 11913 | D:10     | Noticed Erica
 12001 | Lair:1   | Entered Level 1 of the Lair of Beasts
 12203 | Lair:1   | Noticed an oklob plant
 12204 | Lair:1   | Noticed an oklob plant
 12204 | Lair:1   | Noticed an oklob plant
 12464 | Lair:1   | Learned a level 2 spell: Blink
 12467 | Lair:1   | Learned a level 2 spell: Call Imp
 12470 | Lair:1   | Learned a level 2 spell: Slow
 13114 | Lair:2   | Found a staircase to the Swamp.
 13162 | Lair:2   | Slain by a black mamba

Skill      XL: |  1  2  3  4  5  6  7  8  9 10 11 |
---------------+----------------------------------+-----
Armour         | 1 2 3 4 |  4.5
Fighting       | 3 4 5 7 8 10 | 10.0
Dodging        | 5 6 8 9 |  9.2
Shields        | 2 |  2.0
Spellcasting   | 4 9 |  9.4
Charms         | 2 4 |  4.3
Air Magic      | 2 3 |  3.0
Polearms       | |  4.4
Throwing       | |  2.0

Action                   |  1- 3 |  4- 6 |  7- 9 | 10-12 || total
-------------------------+-------+-------+-------+-------++-------
Melee: Trident           |   116 |   263 |   451 |   438 ||  1268
       Halberd           |       |       |       |    58 ||    58
 Cast: Repel Missiles    |       |       |       |     1 ||     1
Invok: Animate Remains   |       |       |     8 |     3 ||    11
       Animate Dead      |       |       |       |     9 ||     9
  Use: Scroll            |     3 |     5 |     5 |     4 ||    17
       Potion            |       |     4 |     3 |     2 ||     9
 Stab: Sleeping          |       |     1 |       |     2 ||     3
       Distracted        |       |     1 |       |     5 ||     6
  Eat: Chunk             |     1 |     7 |    14 |     9 ||    31
       Fruit             |       |       |     5 |       ||     5
       Bread ration      |       |       |     1 |       ||     1
       Beef jerky        |       |       |       |     1 ||     1
       Meat ration       |       |       |       |     1 ||     1
       Pizza             |       |       |       |     1 ||     1
Armor: Leather armour    |    22 |    66 |       |       ||    88
       Ring mail         |       |     1 |     1 |       ||     2
       Chain mail        |       |       |    95 |       ||    95
       Robe              |       |       |    17 |    78 ||    95
Dodge: Dodged            |    69 |   185 |   190 |   352 ||   796
Block: Buckler           |       |       |    12 |       ||    12
       Shield            |       |       |   118 |   182 ||   300
